Map: [ESL] Berlingrad

Players

Scarlett

  • Race: Zerg Zerg

Clem - Winner!

  • Race: Terran Terran

Event: IEM Katowice 2022

VOD

Have the link to the VOD?

Description

Time

  • Played on: Feb. 25, 2022, 2:35 p.m.
  • Length: 14:45

All games in this series

Show
View Real Time Build Order
Export as new Build Order

Scarlett Zerg 

Build Orders: Hatch First, Lurkers 

Get SALT Encoding   

  12  0:00  Drone  
  13  0:12  Overlord  
  13  0:17  Drone  
  14  0:31  Drone x2  
  16  0:47  Hatchery  
  15  0:51  Drone  
  15  0:54  Drone  
  17  0:57  Drone  
  18  1:08  Extractor  
  17  1:12  Spawning Pool  
  17  1:15  Drone  
  17  1:19  Drone  
  18  1:28  Drone  
  19  1:38  Drone  
  20  1:49  Drone  
  21  1:59  Queen x2  
  21  2:00  Zergling x2  
  21  2:01  Zergling x2  
  27  2:10  Zergling x2  
  27  2:11  Overlord  
  28  2:19  Hatchery  
  27  2:23  Drone  
  28  2:33  Drone x3  
  31  2:37  Metabolic Boost  
  30  2:45  Queen  
  30  2:49  Overlord  
  32  2:54  Drone x2  
  32  2:56  Drone  
  35  3:06  Overlord  
  35  3:08  Drone x3  
  38  3:14  Queen  
  38  3:16  Drone  
  38  3:19  Drone  
  42  3:20  Drone  
  43  3:27  Queen  
  43  3:31  Drone  
  43  3:32  Drone  
  43  3:33  Overlord  
  47  3:38  Queen  
  47  3:40  Zergling x2  
  50  3:43  Zergling x2  
  51  3:53  Drone x4  
  51  3:54  Zergling x2  
  54  3:56  Spore Crawler  
  52  4:03  Drone x3  
  52  4:05  Drone x3  
  58  4:12  Drone  
  58  4:13  Drone x3  
  59  4:20  Drone, Overlord  
  59  4:21  Drone  
  61  4:25  Zergling x2  
  62  4:32  Drone x2  
  62  4:34  Lair, Spore Crawler  
  63  4:38  Spore Crawler  
  63  4:39  Spore Crawler  
  63  4:41  Drone x5  
  66  4:48  Baneling Nest, Extractor  
  66  4:50  Zergling x6  
  67  4:53  Drone x3  
  67  4:57  Overlord  
  70  5:00  Queen  
  70  5:01  Drone  
  70  5:03  Overlord  
  73  5:09  Drone  
  73  5:10  Overlord  
  73  5:20  Drone x8  
  79  5:21  Drone  
  79  5:22  Drone  
  81  5:30  Queen  
  81  5:33  Drone, Overlord  
  81  5:34  Drone x5  
  87  5:35  Centrifugal Hooks  
  87  5:37  Extractor x2  
  87  5:40  Overseer  
  85  5:52  Hatchery  
  85  5:54  Evolution Chamber  
  85  5:55  Evolution Chamber  
  85  5:56  Overseer  
  82  6:00  Drone x4  
  84  6:10  Drone x5  
  89  6:16  Zergling x2  
  89  6:17  Zergling x6  
  89  6:18  Extractor  
  92  6:19  Drone x3  
  92  6:25  Zerg Ground Armor Level 1, Overlord x3, Zerg Melee Weapons Level 1  
  94  6:26  Zergling x6  
  94  6:32  Zergling x4  
  98  6:35  Overlord  
  98  6:39  Hydralisk Den  
  97  6:40  Baneling x6  
  97  6:43  Drone  
  97  6:44  Extractor  
  97  6:45  Drone  
  97  6:46  Drone x2  
  100  6:51  Zergling x10  
  105  6:55  Zergling x6  
  105  6:56  Zergling x2  
  105  6:59  Zergling x6, Pneumatized Carapace  
  105  7:00  Overseer  
  104  7:10  Zergling x8  
  104  7:15  Drone x5  
  113  7:21  Grooved Spines  
  113  7:22  Drone x2  
  115  7:28  Baneling x8, Hydralisk x5  
  125  7:31  Drone  
  125  7:32  Queen  
  127  7:47  Drone x3, Extractor  
  127  7:48  Extractor  
  127  7:49  Drone x2  
  127  7:50  Drone, Hydralisk x4  
  127  7:51  Zergling x6  
  140  7:57  Overlord x5  
  142  8:05  Overseer  
  130  8:17  Hydralisk  
  130  8:18  Hydralisk x3  
  130  8:19  Overlord x3  
  133  8:20  Zerg Ground Armor Level 2, Zerg Melee Weapons Level 2  
  133  8:25  Drone x5  
  133  8:26  Drone  
  139  8:29  Spore Crawler  
  139  8:32  Zergling x22  
  147  8:34  Zergling x2  
  147  8:37  Muscular Augments  
  147  8:39  Infestation Pit  
  147  8:43  Drone  
  147  8:49  Zergling x4  
  147  8:50  Zergling x8  
  147  8:52  Hatchery  
  152  8:57  Drone x2  
  152  9:03  Drone  
  152  9:05  Hatchery, Zergling x14  
  152  9:07  Baneling x5  
  159  9:10  Baneling x5  
  159  9:11  Overseer  
  159  9:13  Hatchery, Baneling x5  
  159  9:16  Baneling x6  
  147  9:30  Zergling x16  
  149  9:32  Hive  
  149  9:34  Lurker Den  
  146  9:43  Drone  
  146  9:44  Drone x14  
  159  9:51  Zergling x10  
  157  9:56  Lurker Den  
  157  9:58  Zergling x10  
  154  10:06  Spore Crawler  
  143  10:07  Zergling x2  
  143  10:08  Zergling x8  
  143  10:10  Zergling x2  
  143  10:11  Zergling x2  
  143  10:13  Extractor  
  146  10:15  Extractor  
  146  10:20  Baneling x2, Zergling x8  
  146  10:21  Overseer, Baneling x4  
  149  10:25  Zergling x4  
  149  10:27  Zergling x8  
  149  10:28  Zergling x6  
  153  10:34  Zergling x8  
  149  10:37  Zergling x6  
  149  10:42  Hydralisk x2  
  146  10:45  Zerg Missile Weapons Level 1, Zerg Ground Armor Level 3  
  146  10:49  Drone x4  
  150  10:50  Drone x2, Hydralisk x4  
  150  10:55  Seismic Spines  
  159  10:57  Baneling x10  
  159  11:02  Lurker x2  
  159  11:03  Queen, Lurker  
  164  11:05  Zergling x10  
  164  11:08  Overseer  
  168  11:13  Zergling x12  
  168  11:15  Zergling x2  
  167  11:21  Zergling x18  
  167  11:25  Overlord x3  
  157  11:32  Adrenal Glands  
  155  11:35  Overlord  
  155  11:36  Overlord  
  152  11:54  Zergling x12  
  152  11:55  Zergling x10  
  152  11:58  Spore Crawler x2  
  152  11:59  Overseer  
  152  12:00  Adaptive Talons  
  142  12:02  Zergling x20  
  142  12:04  Overseer  
  142  12:05  Hydralisk x2  
  138  12:10  Hydralisk x4  
  142  12:16  Drone x6  
  142  12:25  Zergling x10  
  142  12:27  Lurker  
  142  12:28  Baneling x3  
  144  12:32  Hatchery  
  139  12:37  Zergling x10  
  136  12:50  Lurker x5  
  134  12:53  Hydralisk x7  
  132  12:59  Zergling x16  
  132  13:01  Extractor  
  132  13:03  Overseer, Extractor  
  135  13:07  Viper x2  
  137  13:16  Drone x3  
  137  13:17  Hydralisk x5  
  147  13:25  Overlord  
  147  13:26  Overseer, Overlord x2  
  147  13:38  Baneling x8  
  147  13:46  Hydralisk x2  
  147  13:47  Zergling x14  
  144  13:50  Zergling x8  
  142  13:57  Zergling x2  
  142  13:58  Zergling x14  
  144  14:03  Zergling x2  
  144  14:04  Zergling x8  
  144  14:07  Hydralisk x3  
  133  14:12  Zergling x8  
  133  14:13  Zergling x4  
  133  14:17  Zergling x8  
  133  14:20  Lurker  
  133  14:21  Baneling x6  
  133  14:22  Zergling x2  
Show
View Real Time Build Order
Export as new Build Order

Clem Terran - Winner!

Build Orders: Reaper Expand, Hellion Banshee 

Get SALT Encoding   

  12  0:00  SCV  
  13  0:12  SCV  
  14  0:16  Supply Depot  
  14  0:24  SCV  
  15  0:38  SCV, Barracks  
  16  0:42  Refinery  
  16  0:50  SCV  
  17  1:02  SCV  
  18  1:14  SCV  
  19  1:26  Reaper, Orbital Command  
  20  1:40  Command Center  
  20  1:49  Supply Depot  
  20  1:52  SCV  
  21  1:58  Marine  
  22  2:04  SCV  
  23  2:13  Factory  
  23  2:16  SCV, Refinery  
  23  2:21  Barracks Reactor  
  24  2:29  SCV  
  25  2:41  SCV  
  26  2:52  Orbital Command  
  26  2:53  SCV  
  27  2:59  Starport  
  27  3:04  Hellion x2  
  27  3:05  SCV  
  32  3:07  Barracks Tech Lab  
  32  3:12  Supply Depot  
  32  3:17  SCV  
  32  3:18  SCV  
  34  3:26  Hellion x2  
  38  3:29  SCV  
  38  3:30  SCV  
  40  3:36  Supply Depot  
  40  3:41  Cloaking Field, SCV, Banshee  
  40  3:44  Barracks Tech Lab  
  40  3:47  Hellion x2  
  48  3:50  SCV  
  48  3:56  SCV  
  48  4:02  SCV  
  50  4:08  SCV, Hellion  
  50  4:09  Hellion  
  51  4:14  SCV, Marine  
  49  4:17  Supply Depot  
  49  4:20  SCV  
  49  4:22  Stimpack  
  50  4:26  SCV  
  50  4:27  Banshee  
  54  4:33  SCV  
  55  4:39  Command Center  
  55  4:41  SCV  
  55  4:45  SCV  
  57  4:47  Factory Reactor  
  57  4:48  Barracks x2  
  57  4:50  Marine  
  58  4:54  SCV  
  58  4:56  Refinery  
  58  4:57  SCV  
  58  4:58  Refinery  
  60  5:02  Supply Depot  
  60  5:06  SCV  
  61  5:08  Marine  
  61  5:09  SCV  
  61  5:12  Engineering Bay x2  
  63  5:18  SCV  
  63  5:19  Starport Reactor  
  64  5:21  SCV  
  64  5:26  Marine  
  66  5:29  Factory Reactor  
  66  5:30  SCV  
  66  5:33  SCV  
  68  5:38  Terran Infantry Weapons Level 1, Terran Infantry Armor Level 1  
  68  5:39  Marine x2  
  68  5:41  Barracks  
  68  5:42  Barracks, SCV  
  71  5:44  Supply Depot, Marine  
  71  5:47  Marine x2  
  74  5:53  SCV  
  74  5:54  Supply Depot  
  75  5:57  Marine, Medivac  
  75  5:58  Marine, Medivac  
  75  6:00  SCV  
  75  6:01  Marine  
  83  6:06  SCV  
  83  6:07  Supply Depot  
  83  6:11  Widow Mine x2  
  85  6:12  SCV, Combat Shield  
  86  6:18  Orbital Command  
  86  6:19  SCV  
  86  6:21  Marine  
  86  6:24  SCV  
  89  6:25  Marine  
  89  6:26  Marine x2  
  89  6:31  SCV  
  89  6:32  Supply Depot x2  
  93  6:36  SCV  
  96  6:41  Barracks Reactor x2  
  96  6:42  Medivac x2  
  96  6:43  Widow Mine, SCV  
  96  6:44  Widow Mine  
  96  6:45  SCV  
  104  6:48  Supply Depot, SCV  
  104  6:49  Marine x2  
  104  6:51  Marine  
  108  6:55  SCV  
  108  6:57  SCV  
  108  7:00  Supply Depot, Marine  
  108  7:01  SCV, Marine  
  111  7:04  Widow Mine  
  111  7:08  SCV  
  112  7:09  SCV  
  112  7:10  Refinery, Factory  
  112  7:11  Marine x2  
  112  7:12  Supply Depot  
  115  7:17  Marine  
  115  7:19  Marine x4  
  115  7:20  Widow Mine  
  115  7:21  Medivac x2  
  126  7:24  SCV x2  
  126  7:25  SCV  
  126  7:28  Armory  
  129  7:31  Marine x2  
  129  7:36  SCV x2  
  133  7:40  Widow Mine  
  135  7:44  Command Center  
  135  7:46  Refinery, Marine  
  135  7:48  Marine x2  
  135  7:50  Marine x3  
  141  7:52  Widow Mine  
  141  7:55  Factory Tech Lab  
  141  7:56  Supply Depot  
  141  7:57  Medivac  
  145  8:03  Marine x2  
  146  8:11  Widow Mine, Marine x2  
  146  8:13  Marine  
  146  8:14  Marine  
  146  8:15  Marine x2  
  146  8:16  Marine  
  146  8:17  Drilling Claws  
  146  8:18  Widow Mine  
  150  8:23  Marine x2, Medivac  
  154  8:27  Medivac  
  154  8:29  Barracks  
  154  8:30  Barracks  
  154  8:31  Concussive Shells  
  154  8:34  Supply Depot, Barracks  
  156  8:35  Terran Infantry Weapons Level 2  
  156  8:38  Terran Infantry Armor Level 2  
  156  8:40  Marine  
  157  8:43  Marine x2  
  157  8:47  Widow Mine  
  157  8:48  Supply Depot  
  161  8:51  SCV x2, Marine  
  161  8:55  SCV  
  165  9:00  Widow Mine, Marine x2  
  169  9:03  Terran Vehicle And Ship Armor Level 1  
  169  9:08  Widow Mine  
  171  9:10  Widow Mine  
  171  9:11  Medivac  
  171  9:12  Supply Depot  
  171  9:13  Sensor Tower  
  175  9:22  Widow Mine, Barracks Tech Lab, Medivac  
  169  9:24  Marine x3  
  169  9:25  Marine  
  169  9:27  Planetary Fortress  
  169  9:28  Marauder  
  169  9:29  Marine x2  
  169  9:30  Marine  
  165  9:35  Widow Mine  
  165  9:36  Marine, Marauder  
  168  9:42  Marine x2  
  168  9:43  Widow Mine x2  
  168  9:45  Medivac  
  176  9:50  Marauder  
  168  9:55  Marauder  
  168  9:56  Widow Mine  
  168  9:57  Marauder  
  168  9:59  Medivac  
  176  10:00  Marine x2  
  176  10:01  Marine, Ghost Academy  
  176  10:02  Marine  
  176  10:04  Widow Mine  
  182  10:07  SCV x2  
  182  10:08  SCV x2  
  182  10:09  Widow Mine  
  182  10:11  Marauder  
  184  10:15  Medivac  
  184  10:19  SCV  
  184  10:20  Widow Mine, SCV  
  190  10:22  Command Center  
  190  10:25  Marine  
  190  10:26  Widow Mine, Marauder x2  
  190  10:28  Marine  
  191  10:30  Widow Mine, Marine  
  188  10:36  Medivac  
  188  10:37  Marine x3, Marauder  
  188  10:41  Widow Mine  
  175  10:44  Marine  
  175  10:45  Marine  
  175  10:46  Marine x2  
  175  10:47  Widow Mine, Marine  
  178  10:51  Marauder  
  178  10:52  Widow Mine  
  178  10:54  Refinery x2  
  182  10:58  Ghost  
  182  11:02  Widow Mine, Marine x2  
  182  11:04  Ghost, Marine x2  
  190  11:08  Widow Mine  
  192  11:11  Ghost  
  192  11:13  Widow Mine  
  192  11:16  Medivac  
  191  11:24  Widow Mine  
  171  11:26  Ghost  
  171  11:30  Widow Mine  
  174  11:33  Ghost  
  174  11:34  Widow Mine  
  174  11:38  Missile Turret  
  174  11:39  SCV x3  
  180  11:40  Missile Turret, Ghost  
  180  11:45  Widow Mine  
  182  11:51  Widow Mine  
  184  11:55  Ghost  
  184  11:59  Widow Mine  
  184  12:00  Medivac  
  180  12:01  Ghost  
  180  12:02  Marine  
  180  12:03  Marine  
  180  12:06  Widow Mine  
  179  12:08  Ghost  
  179  12:10  Medivac  
  179  12:12  Widow Mine, Marine x2  
  179  12:13  Marine x2  
  189  12:15  Marine  
  189  12:16  Marine  
  189  12:20  Widow Mine, Marine  
  189  12:22  Planetary Fortress  
  185  12:23  Ghost  
  185  12:24  Marine  
  185  12:28  Widow Mine  
  184  12:30  Ghost, Liberator  
  184  12:34  Widow Mine  
  185  12:37  Ghost  
  185  12:44  Marine  
  176  12:45  Marine  
  176  12:46  Marine x4  
  176  12:48  Widow Mine  
  176  12:50  Widow Mine, Refinery  
  176  12:51  Refinery  
  181  12:52  Ghost  
  181  12:53  Marine x2  
  181  12:56  Medivac  
  183  12:58  Ghost  
  183  12:59  Widow Mine  
  183  13:01  Marine  
  183  13:03  Marine x2  
  188  13:05  Ghost  
  188  13:10  Command Center  
  188  13:11  Command Center  
  180  13:13  SCV  
  180  13:20  Ghost  
  180  13:27  Ghost  
  180  13:29  Marine x2  
  184  13:34  Ghost  
  184  13:36  Widow Mine  
  184  13:40  Command Center  
  184  13:41  Widow Mine, Missile Turret  
  190  13:47  Cyclone  
  188  13:49  Ghost  
  170  13:55  Ghost  
  163  14:03  Ghost  
  163  14:05  Widow Mine, Marine  
  163  14:06  Marine  
  163  14:07  Widow Mine  
  167  14:10  Marine  
  167  14:11  Marine x2  
  167  14:12  Marine  
  169  14:20  Marine  

Tags
 
Add a new tag
Caveats
  • Supply blocks, unpowered buildings, or Contaminate may cause inaccurate times.
  • Supply counts are checked every 10 seconds.